 Dungeon Crawl Stone Soup version 0.17.0-28-g6e173f8 (webtiles) character file.

15267 Denapoli the Bludgeoner (level 11, -5/99 HPs)
             Began as a Minotaur Fighter on Nov 30, 2015.
             Was a High Priest of Okawaru.
             Slain by an unseen horror (8 damage)
             ... on level 12 of the Dungeon on Dec 2, 2015.
             The game lasted 01:31:15 (13213 turns).

Denapoli the Bludgeoner (Minotaur Fighter)         Turns: 13213, Time: 01:31:15

Health: -5/99      AC: 17    Str: 23    XL:     11   Next: 99%
Magic:  13/13      EV:  7    Int:  5    God:    Okawaru [*****.]
Gold:   745        SH:  0    Dex: 11    Spells: 0 memorised, 10 levels left

rFire  . . .     SeeInvis .     V - +3 great mace (crush)
rCold  . . .     Clarity  .     f - +0 plate armour
rNeg   . . .     SustAt   .     (shield currently unavailable)
rPois  +         Gourm    .     (helmet restricted)
rElec  .         Spirit   .     B - +0 cloak
rCorr  .         Warding  .     I - +0 pair of gloves
rMut   .         Stasis   .     (no boots)
MR     .....                    R - amulet of faith
Stlth  ..........               (no ring)
                                C - ring of poison resistance

@: very slightly contaminated, hasted, very quick, not resistant to hostile
enchantments, extremely unstealthy
A: retaliatory headbutt, horns 2
a: Heroism, Finesse, Renounce Religion


You were on level 12 of the Dungeon.
You worshipped Okawaru.
Okawaru was extremely pleased with you.
You were not hungry.

You visited 1 branch of the dungeon, and saw 13 of its levels.
You also visited: Ice Cave.

You collected 745 gold pieces.

Inventory:

Hand Weapons
 V - a +3 great mace of crushing (weapon)
Missiles
 g - 15 javelins (quivered)
Armour
 f - a +0 plate armour (worn)
 B - a +0 cloak (worn)
 H - the +3 leather armour "Cowkoo" {rElec rC++ Int+2}
   (You found it on level 7 of the Dungeon)

   It affects your intelligence (+2).
   It greatly protects you from cold.
   It insulates you from electricity.
 I - a +0 pair of gloves (worn)
Jewellery
 C - a ring of poison resistance (left hand)
 R - an amulet of faith (around neck)
Wands
 c - a wand of draining (6)
 d - a wand of flame (38)
 w - a wand of disintegration (10)
 U - a wand of teleportation (4)
Scrolls
 a - 3 scrolls of fear {unknown}
 j - 3 scrolls of amnesia
 l - 3 scrolls of identify
 m - 7 scrolls of remove curse {unknown}
 p - 2 scrolls of random uselessness {unknown}
 r - 5 scrolls of teleportation {unknown}
 y - a scroll of enchant armour {unknown}
 E - 8 scrolls of magic mapping {unknown}
 G - 3 scrolls of fog {unknown}
 O - a scroll of immolation {unknown}
 S - a scroll of recharging {unknown}
 T - a scroll of summoning {unknown}
 W - a scroll of vulnerability {unknown}
 Z - a scroll of holy word {unknown}
Potions
 i - 3 potions of brilliance
 n - 3 potions of flight
 s - 4 potions of magic {unknown}
 x - a potion of poison {unknown}
 z - a potion of invisibility {unknown}
 A - a potion of haste
 F - 2 potions of cancellation {unknown}
 L - a potion of resistance {unknown}
 N - a potion of mutation {unknown}
 P - a potion of lignification {unknown}
Books
 b - a book of the Tempests

   Spells                             Type                      Level
   a - Static Discharge               Conjuration/Air              3
   b - Lightning Bolt                 Conjuration/Air              5
   c - Fireball                       Conjuration/Fire             5
   d - Tornado                        Air                          9
   e - Shatter                        Earth                        9
 v - a book of Envenomations

   Spells                             Type                      Level
   a - Spider Form                    Transmutation/Poison         3
   b - Alistair's Intoxication        Transmutation/Poison         4
   c - Olgreb's Toxic Radiance        Poison                       4
   d - Poisonous Cloud                Conjuration/Poison/Air       6
 J - the Handbook of Confrontation
   (You found it on level 5 of the Dungeon)

   Spells                             Type                      Level
   a - Shock                          Conjuration/Air              1
   b - Throw Icicle                   Conjuration/Ice              4
   c - Lightning Bolt                 Conjuration/Air              5
 M - a book of Burglary

   Spells                             Type                      Level
   a - Swiftness                      Charms/Air                   2
   b - Passwall                       Transmutation/Earth          3
   c - Passage of Golubria            Translocation                4
   d - Lee's Rapid Deconstruction     Earth                        5
   e - Darkness                       Hexes                        6
   f - Invisibility                   Hexes                        6
 Q - a book of Geomancy

   Spells                             Type                      Level
   a - Sandblast                      Earth                        1
   b - Stoneskin                      Transmutation/Earth          2
   c - Passwall                       Transmutation/Earth          3
   d - Stone Arrow                    Conjuration/Earth            3
   e - Petrify                        Transmutation/Earth          4
   f - Lee's Rapid Deconstruction     Earth                        5
 Y - a book of Maledictions

   Spells                             Type                      Level
   a - Corona                         Hexes                        1
   b - Ensorcelled Hibernation        Hexes/Ice                    2
   c - Confuse                        Hexes                        3
   d - Tukima's Dance                 Hexes                        3
   e - Dazzling Spray                 Conjuration/Hexes            3
Comestibles
 e - 5 bread rations
 k - 4 meat rations
 t - 2 royal jellies
 u - 4 fruits
 D - a beef jerky
 K - 2 slices of pizza


   Skills:
 - Level 10.1 Fighting
   Level 2.4 Long Blades
 + Level 16.1 Maces & Flails
 - Level 1.0 Throwing
 - Level 10.8 Armour
 - Level 0.2 Dodging
   Level 5.2 Shields
 * Level 5.2 Invocations


You had 10 spell levels left.
You didn't know any spells.

Dungeon Overview and Level Annotations

Branches:
Dungeon (13/15)            Temple (0/1) D:7            Lair (0/8) D:11
    Orc (0/4) D:11
 Vaults: D:13-14

Altars:
Dithmenos
Elyvilon
Gozag
Nemelex Xobeh
Okawaru
Qazlal
Ru
Trog
Xom
Yredelemnul
Zin
The Shining One

Shops:
D:5 [

Annotations:
D:5 UnlimitedFusion's ghost, novice HuFi


Innate Abilities, Weirdness & Mutations

You reflexively headbutt those who attack you in melee.
You have a pair of horns on your head.


Message History

Something hits you.
* * * LOW HITPOINT WARNING * * *
Things that are here:
a killer bee corpse x2
Something hits you.
* * * LOW HITPOINT WARNING * * *
Something hits you but does no damage. Something hits you but does no damage.
There is a stone staircase leading down here.
Something hits you.
* * * LOW HITPOINT WARNING * * *
You climb downwards. 4 yaks, a griffon, a deep elf mage and a centaur come into view.
The centaur shouts!
The deep elf mage shouts!
The yak bellows!
The yak bellows!
The yak bellows! x2
The griffon screeches!
There is a stone staircase leading up here.
You can't go down here!
You climb upwards.
Something hits you!
You die...

#.# #..## .. ##..# #. ##.##
#####.##########..##
..............##..########
#.##..### #.............
#.......#####Z........###
##########(....YY.Z##.........#
.......)...)....@#.†..........#
##########.....[#####.........#
# ##....## #.........# ##..##
########### ####


You could see 2 yaks and a centaur zombie.

Vanquished Creatures
  Josephine (D:10)
  Harold (D:11)
  The ghost of Uberwunderbarhen the Nimble, a journeyman OpFi of Cheibriados (D:11)
  Pikel (D:7)
  2 hill giants (D:10)
  3 trolls
  Prince Ribbit (D:7)
  2 polar bears (IceCv)
  A two-headed ogre (D:9)
  Duvessa (D:7)
  5 wraiths
  Sigmund (D:3)
  A hog (D:9)
  2 yaks (IceCv)
  A shadow (D:11)
  2 hippogriffs
  A human (D:9)
  A deep elf mage (D:10)
  4 wolves
  6 orc warriors
  3 sky beasts
  An eye of draining (D:12)
  13 ice beasts
  2 phantoms
  3 necrophages
  9 ogres
  A crocodile (D:9)
  4 big kobolds (D:11)
  6 centaurs
  5 giant frogs
  A wyvern zombie (D:7)
  A water moccasin zombie (D:9)
  2 gnoll sergeants (D:11)
  Dowan (D:7)
  6 scorpions
  4 killer bees (D:12)
  10 wights
  2 quasits
  3 crimson imps
  3 giant frog zombies
  10 orc wizards
  A wasp zombie (D:6)
  4 jellies
  2 gnoll shamans
  Ijyb (D:3)
  5 giant frog skeletons
  4 worker ants
  A centaur zombie (D:8)
  7 hounds
  3 iguanas
  4 orc priests
  A killer bee zombie (D:8)
  3 sheep (D:9)
  A hound zombie (D:6)
  A worker ant zombie (D:6)
  21 gnolls
  19 adders
  3 shadow imps
  A worm (D:2)
  6 giant geckos
  50 orcs
  7 bats
  8 goblins
  10 hobgoblins
  5 jackals
  3 kobolds
  2 quokkas
  4 ball pythons
  6 giant cockroaches
  A giant gecko zombie (D:6)
  8 giant newts
  A goblin skeleton (D:6)
  2 goblin zombies (D:6)
  A hobgoblin zombie (D:6)
  2 jackal skeletons
  3 kobold zombies (D:6)
  An orc skeleton (D:6)
  2 orc zombies (D:6)
  10 rats
342 creatures vanquished.

Vanquished Creatures (others)
  A hungry ghost (D:7)
  A slave (D:7)
  A giant cockroach (D:7)
  A giant gecko (D:7)
4 creatures vanquished.

Grand Total: 346 creatures vanquished

Notes
Turn   | Place    | Note
--------------------------------------------------------------
     0 | D:1      | Denapoli the Minotaur Fighter began the quest for the Orb.
     0 | D:1      | Reached XP level 1. HP: 19/19 MP: 0/0
   306 | D:1      | Reached skill level 4 in Armour
   308 | D:1      | Reached XP level 2. HP: 24/27 MP: 1/1
  1223 | D:2      | Reached XP level 3. HP: 33/33 MP: 2/2
  1370 | D:2      | Found a bloodstained altar of Trog.
  1501 | D:3      | Found a shadowy altar of Dithmenos.
  1544 | D:3      | Reached skill level 5 in Armour
  1557 | D:3      | Noticed Sigmund
  1567 | D:3      | Reached XP level 4. HP: 31/41 MP: 3/3
  1598 | D:3      | Killed Sigmund
  1598 | D:3      | Reached skill level 5 in Fighting
  1598 | D:3      | Reached skill level 6 in Armour
  1598 | D:3      | Reached XP level 5. HP: 3/50 MP: 4/4
  1996 | D:3      | Reached XP level 6. HP: 57/57 MP: 5/5
  2017 | D:3      | Noticed Ijyb
  2047 | D:3      | Killed Ijyb
  2649 | D:4      | Reached skill level 7 in Armour
  2945 | D:4      | Found a sparkling altar of Nemelex Xobeh.
  3066 | D:4      | Reached XP level 7. HP: 60/66 MP: 6/6
  3424 | D:5      | Entered Level 5 of the Dungeon
  3513 | D:5      | Noticed UnlimitedFusion's ghost (novice HuFi)
  3572 | D:5      | Identified the Handbook of Confrontation
  3615 | D:5      | Reached skill level 8 in Armour
  3621 | D:5      | Got an ichor-stained rapier {vamp}
  3637 | D:5      | Found an iron altar of Okawaru.
  3688 | D:5      | Became a worshipper of Warmaster Okawaru
  3714 | D:5      | Found Veseril's Antique Armour Emporium.
  3718 | D:5      | Reached XP level 8. HP: 64/75 MP: 7/7
  4048 | D:5      | Reached skill level 9 in Armour
  4201 | D:6      | Found a shimmering altar of Xom.
  4374 | D:6      | Reached skill level 1 in Throwing
  4374 | D:6      | Reached skill level 10 in Armour
  4480 | D:6      | Reached * piety under Okawaru
  4524 | D:6      | Found an opulent altar of Gozag.
  4615 | D:6      | Found a glowing golden altar of the Shining One.
  4778 | D:6      | Reached skill level 10 in Fighting
  4926 | D:6      | Reached XP level 9. HP: 78/85 MP: 8/8
  5138 | D:7      | Got a crude scimitar
  5160 | D:7      | Found a staircase to the Ecumenical Temple.
  5162 | D:7      | Noticed Dowan
  5179 | D:7      | Reached skill level 1 in Maces & Flails
  5185 | D:7      | Killed Dowan
  5663 | D:7      | Noticed Prince Ribbit
  5680 | D:7      | Reached ** piety under Okawaru
  5692 | D:7      | Killed Prince Ribbit
  5692 | D:7      | Reached skill level 5 in Maces & Flails
  5734 | D:7      | Got a distressingly furry leather armour
  5739 | D:7      | Identified the +3 leather armour "Cowkoo" {rElec rC++ Int+2} (You found it on level 7 of the Dungeon)
  5785 | D:7      | Noticed Pikel
  5811 | D:7      | Killed Pikel
  6621 | D:7      | Noticed Duvessa
  6648 | D:7      | Killed Duvessa
  6865 | D:7      | Found a glowing silver altar of Zin.
  7053 | D:8      | Reached *** piety under Okawaru
  7201 | D:8      | Reached XP level 10. HP: 87/93 MP: 9/9
  7268 | D:8      | Reached skill level 10 in Maces & Flails
  7366 | D:8      | Found a sacrificial altar of Ru.
  7683 | D:8      | Reached skill level 11 in Maces & Flails
  8366 | D:9      | Reached **** piety under Okawaru
  8434 | D:9      | Found a stormy altar of Qazlal.
  8478 | D:9      | Reached skill level 1 in Invocations
  8486 | D:9      | Reached skill level 12 in Maces & Flails
  8643 | D:9      | Found a white marble altar of Elyvilon.
  8856 | D:9      | Found a basalt altar of Yredelemnul.
  9305 | D:9      | Reached skill level 13 in Maces & Flails
  9529 | D:10     | Entered Level 10 of the Dungeon
  9701 | D:10     | Noticed a hill giant
  9717 | D:10     | Killed a hill giant
  9717 | D:10     | Reached ***** piety under Okawaru
  9842 | D:10     | Noticed Josephine
  9859 | D:10     | Killed Josephine
  9859 | D:10     | Received a gift from Okawaru
  9859 | D:10     | Reached XP level 11. HP: 85/99 MP: 9/11
  9875 | D:10     | Reached skill level 5 in Shields
 10180 | D:10     | Noticed a hill giant
 10187 | D:10     | Killed a hill giant
 10221 | D:10     | Reached skill level 14 in Maces & Flails
 10547 | D:11     | Noticed a seven-headed hydra
 10574 | D:11     | Noticed Harold
 10589 | D:11     | Killed Harold
 11162 | D:11     | Found a staircase to the Orcish Mines.
 11191 | D:11     | Received a gift from Okawaru
 11466 | D:11     | Noticed Uberwunderbarhen's ghost (journeyman OpFi)
 11747 | D:11     | Killed Uberwunderbarhen's ghost
 11747 | D:11     | Reached skill level 15 in Maces & Flails
 12056 | D:11     | Found a staircase to the Lair.
 12325 | D:12     | Found a frozen archway.
 12507 | IceCv    | Entered an ice cave
 12517 | IceCv    | Received a gift from Okawaru
 12723 | IceCv    | Reached skill level 5 in Invocations
 12725 | IceCv    | Reached skill level 16 in Maces & Flails
 13177 | D:12     | Noticed an eight-headed hydra
 13210 | D:12     | HP: 3/99 [something (4)]
 13213 | D:12     | Slain by an unseen horror

Action                   |  1- 3 |  4- 6 |  7- 9 | 10-12 || total
-------------------------+-------+-------+-------+-------++-------
Melee: Long sword        |    35 |       |       |       ||    35
       Flail             |    68 |   150 |   407 |   303 ||   928
       Great mace        |       |       |       |   252 ||   252
Throw: Javelin           |       |     3 |       |    17 ||    20
Invok: Heroism           |       |       |     1 |     3 ||     4
       Finesse           |       |       |       |     3 ||     3
  Use: Scroll            |     3 |     1 |     1 |     8 ||    13
       Potion            |       |     1 |       |    10 ||    11
  Eat: Bread ration      |     1 |     1 |     1 |       ||     3
       Meat ration       |       |       |     3 |       ||     3
       Fruit             |       |       |     1 |     3 ||     4
       Chunk             |       |       |     1 |       ||     1
       Pizza             |       |       |       |     6 ||     6
       Beef jerky        |       |       |       |     1 ||     1
